 Dungeon Crawl Stone Soup version 0.31.0-12-g77e489cdc1 (webtiles) character file.

Game seed: 16424718964786479292

92 popoopuu the Trooper (level 4, -1/41 HPs)
             Began as a Minotaur Berserker on Feb 14, 2024.
             Was a Believer of Trog.
             Slain by an ogre
             ... wielding a +0 giant spiked club
              (25 damage)
             ... on level 3 of the Dungeon.
             The game lasted 00:03:39 (1817 turns).

popoopuu the Trooper (Minotaur Berserker)           Turns: 1817, Time: 00:03:39

Health: -1/41      AC:  6    Str: 24    XL:     4   Next: 35%
Magic:  3/3        EV: 11    Int:  4    God:    Trog [**....]
Gold:   63         SH:  0    Dex:  9    Spells: 3/3 levels left

rFire   + . .        a - +0 mace
rCold   . . .        (no shield)
rNeg    . . .        f - +1 ring mail {rF+}
rPois   .            (helmet restricted)
rElec   .            (no cloak)
rCorr   .            (no gloves)
SInv    .            (no boots)
Will    .....        (no amulet)
Stlth   +            (no ring)
HPRegen 0.26/turn    (no ring)
MPRegen 0.08/turn

%: no passive effects
@: no status effects
A: horns 2, retaliatory headbutt
a: Renounce Religion, Berserk, Trog's Hand


You were on level 3 of the Dungeon.
You worshipped Trog.
Trog was pleased with you.
You visited 1 branch of the dungeon, and saw 3 of its levels.

You collected 63 gold pieces.

Inventory:

Hand Weapons
 a - a +0 mace (weapon)
Armour
 b - a +0 animal skin
 e - a +0 chain mail
 f - a +1 ring mail of fire resistance (worn)
Wands
 j - a wand of flame (13)
Scrolls
 i - a scroll of poison {unknown}
 k - a scroll of identify {unknown}
Potions
 c - a potion of magic {unknown}
 d - a potion of invisibility {unknown}
 g - 2 potions of might {unknown}
 h - a potion of curing {unknown}


   Skills:
 + Level 4.8 Fighting
 + Level 4.6 Maces & Flails
 + Level 2.9 Armour
 + Level 2.7 Dodging
 + Level 0.5 Stealth


You had 3 spell levels left.
You didn't know any spells.
Your spell library was empty.

Dungeon Overview and Level Annotations

Branches:
Dungeon (3/15)

Altars:

Shops:
D:1 [


Innate Abilities, Weirdness & Mutations

You have a pair of horns on your head.
You reflexively headbutt those who attack you in melee.


Message History

You resist with some effort. The cerulean imp barely misses you.
You sock Natasha!
You kill Natasha!
Trog accepts your kill.
Trog appreciates your killing of a magic user.
Natasha screams in pain as she dies!
The cerulean imp disappears in a puff of smoke! x2
You see here the felid corpse of Natasha.
Done exploring.
Done exploring.
Done exploring.
Done exploring.
What level of the Dungeon? (default 2, ? - help)
There is a stone staircase leading down here.
You climb downwards.
There is a stone staircase leading up here.
An ogre comes into view. It is wielding a +0 giant spiked club.
The ogre shouts!
An ogre is nearby!
An ogre is nearby!
An ogre is nearby!
The ogre closely misses you.
You hit the ogre.
The ogre is lightly wounded.
You barely miss the ogre.
The ogre is lightly wounded.
The ogre hits you with a +0 giant spiked club!!
You barely miss the ogre. You headbutt the ogre.
The ogre is moderately wounded.
The ogre misses you.
You thump the ogre! You headbutt the ogre.
The ogre is almost dead.
The ogre closely misses you.
You barely miss the ogre.
The ogre is almost dead.
You hit the ogre but do no damage.
The ogre is almost dead.
The ogre hits you with a +0 giant spiked club!!
Ouch! That really hurt!
You die...

#.# #.## ...# #..#
#..# #..# #..# #<.#
##############. #..#
#.....O@.......
#..###########.#######
#.......# #.#
#.#####.# #.# #.# #.#
#.# #.# #.# #.# #.#
#.######.# #.#
#........# #.#
########.#


You could see an ogre.

Vanquished Creatures
  Natasha (twice) (D:2)
  2 adders (D:2)
  3 endoplasms (D:1)
  3 goblins
  4 hobgoblins
  2 kobolds (D:2)
  2 ball pythons
  3 bats
  2 frilled lizards (D:1)
  4 rats
27 creatures vanquished.

Notes
Turn   | Place    | Note
-------+----------+-------------------------------------------
     0 | D:1      | popoopuu the Minotaur Berserker began the quest for the
                  | Orb.
     0 | D:1      | Reached XP level 1. HP: 19/19 MP: 0/0
   108 | D:1      | Found Uvimaf's Armour Shop.
   312 | D:1      | Reached XP level 2. HP: 27/27 MP: 1/1
   977 | D:2      | Noticed Natasha
   988 | D:2      | Killed Natasha
   989 | D:2      | Reached XP level 3. HP: 5/34 MP: 2/2
  1478 | D:2      | Reached ** piety under Trog
  1529 | D:2      | Reached XP level 4. HP: 41/41 MP: 3/3
  1675 | D:2      | Noticed Natasha
  1686 | D:2      | Killed Natasha
  1810 | D:3      | Noticed an ogre
  1817 | D:3      | Slain by an ogre

Illustrated notes

Levels and vault maps discovered:
D:1:      tarquinn_simple_flora_water_d, layout_basic, serial_shops, shop,
          due_unseen_surprise
D:2:      minmay_door_path, layout_rooms, minmay_misc_feat_iff, uniq_natasha
D:3:      layout_basic, dreamdust_ecumenical_altar_sealed_demon,
          kennysheep_generic_room_16, uniq_grinder, uniq_ijyb

Skill      XL: |  1  2 |
---------------+-------+-----
Fighting       | 4 |  4.8
Maces & Flails | 4 |  4.6
Armour         | |  2.9
Dodging        | |  2.7
Stealth        | |  0.5

Action                     |  1- 3 |  4- 6 || total
---------------------------+-------+-------++-------
  Melee: Mace              |    47 |    11 ||    58
         Headbutt          |     6 |     2 ||     8
 Invoke: Berserk           |     1 |       ||     1
    Use: Scroll            |     1 |       ||     1
 Armour: Animal skin       |    26 |       ||    26
         Ring mail         |    13 |    12 ||    25
  Dodge: Dodged            |    33 |     6 ||    39
